AoeStats
← tavoo

Four Lakes

509836889Analyzed
1v1 RM · 5d ago on Sep 28, 2026· 37m 41s· 2 players
Game mode
Random Map
Map size
Tiny (2 player)
Population
200
Speed
Normal
Resources
Standard
Victory
Conquest
Starting age
Dark Age
Ending age
Imperial Age
RankedLock teamsTeams togetherTeam positionsShared explorationLock speedFull tech treeHidden civsTurbo modeCheats
Victory
Defeat
🇲🇽 Bengalis · Mexico
1390
+15
🇲🇽 Georgians · Mexico
1371
-15
tavoo
6:41 Loom
9:07 Feudal Age
9:42 Double-Bit Axe
10:51 Town Watch
21:32 Castle Age
20:48 Bloodlines
20:40 Horse Collar
21:11 Fishing Lines
22:32 Bow Saw
25:55 Husbandry
26:47 Wheelbarrow
26:58 Scale Barding Armor
27:19 Elite Skirmisher
28:51 Forging
29:08 Hand Cart
29:16 Stone Mining
30:29 Fletching
36:20 Imperial Age
33:54 Devotion
33:21 Light Cavalry
34:26 Ballistics
35:07 Chain Barding Armor
35:12 Gold Mining
36:44 Svan Towers
38:21 Iron Casting
Rubén_Wolfgang
7:23 Loom
9:37 Feudal Age
22:02 Castle Age
20:49 Bloodlines
20:46 Double-Bit Axe
20:41 Horse Collar
22:24 Fishing Lines
22:06 Light Cavalry
22:47 Husbandry
22:53 Scale Barding Armor
24:27 Wheelbarrow
26:02 Chain Barding Armor
27:03 Bow Saw
26:53 Heavy Plow
27:33 Heavy Plow
28:48 Forging
29:28 Hand Cart
33:28 Imperial Age
31:20 Ballistics
32:08 Town Watch
34:58 Plate Barding Armor
34:14 Fletching
33:47 Elite Elephant Archer
35:49 Chemistry
36:12 Bodkin Arrow
36:49 Padded Archer Armor
37:18 Bracer
37:56 Block Printing
38:03 Sanctity
Connection lost

Rejoining the realm…

Still unreachable

The connection could not be restored.

Session expired

The server has moved on; the page needs a fresh start.